 Dungeon Crawl Stone Soup version 0.29-a0-1016-g236c7fd91e (webtiles) character file.

Game seed: 1930616969704817453

31227 miscthings the Slicer (level 14, -2/118 HPs)
             Began as a Meteoran Artificer on Aug 9, 2022.
             Was a Priest of the Shining One.
             Slain by a komodo dragon (19 damage)
             ... on level 1 of the Lair of Beasts on Aug 10, 2022.
             The game lasted 00:33:03 (7369 turns).

miscthings the Slicer (Meteoran Artificer)          Turns: 7369, Time: 00:33:03

Health: -2/118     AC: 22    Str: 20    XL:     14   Next: 27%
Magic:  23/23      EV: 14    Int: 13    God:    the Shining One [***...]
Gold:   637        SH:  0    Dex: 14    Spells: 13/13 levels left

rFire   + . .      SeeInvis .   o - +2 dagger (elec)
rCold   . . .      Faith    .   (no shield)
rNeg    + + .      Spirit   .   R - +3 scale mail
rPois   +          Reflect  .   (helmet restricted)
rElec   .          Harm     .   y - +0 cloak
rCorr   .          Rampage  .   p - +0 pair of gloves of Miracles {rPois rN+}
Will    +....                   k - +2 pair of boots
Stlth   ..........              (no amulet)
HPRegen 0.29/turn               x - ring of protection from fire
MPRegen 0.18/turn               A - +4 ring of protection

@: glowing
A: sense surroundings 2, otherworldly, glowing, explore regen, horns 1,
screaming 1
a: Renounce Religion, Divine Shield, Cleansing Flame


You were on level 1 of the Lair of Beasts.
You worshipped the Shining One.
The Shining One was most pleased with you.
You visited 2 branches of the dungeon, and saw 14 of its levels.
You also visited: Bailey.

You collected 637 gold pieces.

Inventory:

Hand Weapons
 o - a +2 dagger of electrocution (weapon)
 J - a +1 hand axe
Missiles
 z - 5 throwing nets
 G - 23 poisoned darts (quivered)
Armour
 k - a +2 pair of boots (worn)
 p - the +0 pair of gloves of Miracles (worn) {rPois rN+}
   (You found it on level 5 of the Dungeon)

   rPois:     It protects you from poison.
   rN:        It protects you from negative energy.
 y - a +0 cloak (worn)
 L - a +0 helmet
 Q - a +0 leather armour of cold resistance
 R - a +3 scale mail (worn)
Jewellery
 i - a +6 ring of intelligence
 l - a ring of flight
 x - a ring of protection from fire (left hand)
 A - a +4 ring of protection (right hand)
 F - a ring of fire
Wands
 c - a wand of flame (7)
 d - a wand of charming (11)
 e - a wand of iceblast (9)
 B - a wand of digging (15)
Scrolls
 a - a scroll of enchant weapon {unknown}
 b - 2 scrolls of immolation
 f - 9 scrolls of teleportation
 j - 2 scrolls of poison
 m - a scroll of fear {unknown}
 q - a scroll of amnesia {unknown}
 u - a scroll of vulnerability
 E - a scroll of butterflies
 N - a scroll of silence
 O - a scroll of summoning {unknown}
 P - a scroll of blinking {unknown}
Potions
 g - 4 potions of haste
 n - 7 potions of curing
 r - 2 potions of cancellation
 s - 5 potions of brilliance
 t - 3 potions of heal wounds
 v - 4 potions of might
 w - a potion of flight
 C - a potion of ambrosia
 D - a potion of attraction
 H - a potion of magic
 K - 2 potions of mutation
 M - 2 potions of lignification
Miscellaneous
 h - a phial of floods (inert)
 T - a lightning rod (4/4)


   Skills:
 + Level 9.1 Fighting
 - Level 11.7 Short Blades
 + Level 9.7 Axes
 - Level 0.9(6.6) Maces & Flails
 + Level 10.6 Armour
 + Level 10.0 Dodging
 - Level 0.6 Stealth
 + Level 10.7 Invocations
 + Level 10.9 Evocations


You had 13 spell levels left.
You didn't know any spells.
Your spell library contained the following spells:

 Spells                   Type           Power      Damage    Failure   Level
 Apportation              Tloc           0%         N/A       58%         1
 Necrotise                Necr           0%         1d4       58%         1
 Summon Small Mammal      Summ           0%         N/A       58%         1
 Ignite Poison            Fire/Tmut/Pois 0%         N/A       91%         3
 Mephitic Cloud           Conj/Pois/Air  0%         N/A       91%         3
 Freezing Cloud           Conj/Ice/Air   0%         6-21      100%        5


Dungeon Overview and Level Annotations

Branches:
Dungeon (13/15) Zot: 1428  Temple (0/1) D:7            Lair (1/5) D:9 Zot: 576
    Orc (0/2) D:10         Bailey (visited)
 Vaults: D:13-14

Altars:
Cheibriados
Dithmenos
Elyvilon
Kikubaaqudgha
Makhleb
Nemelex Xobeh
Okawaru
Trog
Uskayaw
Vehumet
Xom
The Shining One

Shops:
D:6 !   D:11 :


Innate Abilities, Weirdness & Mutations

You passively map the area around you.
You are easily found by Zot.
You glow in the dark.
You regain HP and MP as you explore.
You have a pair of small horns on your head.
You occasionally shout uncontrollably at your foes.


Message History

The yak gores you.
Your Dodging skill increases to level 10!
You hit the komodo dragon but do no damage.
Lightning courses through the komodo dragon!
The komodo dragon is severely wounded.
You hit the komodo dragon. You headbutt the komodo dragon.
The komodo dragon is severely wounded.
The yak closely misses you. x2; The komodo dragon bites you.
* * * LOW HITPOINT WARNING * * *
You hit the komodo dragon.
The komodo dragon is severely wounded.
You hit the komodo dragon but do no damage.
The komodo dragon is severely wounded.
The yak gores you but does no damage. x2
The komodo dragon bites you but does no damage.
You hit the komodo dragon.
The komodo dragon is severely wounded.
You barely miss the komodo dragon.
The komodo dragon is severely wounded.
The komodo dragon barely misses you.
You hit the komodo dragon but do no damage.
You headbutt the komodo dragon.
The komodo dragon is almost dead.
You hit the komodo dragon.
The komodo dragon is almost dead.
The yak gores you but does no damage. The komodo dragon barely misses you.
You hit the komodo dragon but do no damage.
The komodo dragon is almost dead.
You hit the komodo dragon.
The komodo dragon is almost dead.
The yak gores you but does no damage. The yak completely misses you.
The komodo dragon bites you!
* * * LOW HITPOINT WARNING * * *
You hit the komodo dragon but do no damage.
The komodo dragon is almost dead.
You hit the komodo dragon but do no damage.
The komodo dragon is almost dead.
The yak is no longer waterlogged.
The yak gores you but does no damage. x2
The komodo dragon bites you!!
You die...

~ , *,* ** *
~≈ #.. , ,
~~ ~ ≈≈≈
~#.. , ,, ,
~~,
,~..####..
,,, , * , ,
.......#, *,
, , *,
#.#.....#* ,
......# *
#...# *
#.Y@# ** * *
#.lY# * *
*,* * ,
#~~Y# *
#~<.# *, *
#~~~# * *
#.~~# , , ,
, , .....# ,
* , .Y......
,, * ,
,.Y....:....
,


You could see a komodo dragon and 3 yaks.

Vanquished Creatures
  Harold (D:11)
  3 hydras
  Erolcha (D:10)
  A centaur warrior (D:13)
  A two-headed ogre (D:11)
  An orc knight (Bailey)
  4 cyclopes
  2 ugly things
  2 manticores
  Joseph (D:8)
  2 gargoyles
  2 unseen horrors (D:11)
  Psyche (D:8)
  2 kobold demonologists
  2 hornets (D:9)
  2 trolls
  Prince Ribbit (D:8)
  2 slime creatures (D:13)
  A wraith (D:10)
  A water elemental (D:13)
  A wyvern (D:9)
  18 yaks
  A steam dragon (D:9)
  8 vampire mosquitoes (D:12)
  2 acid dragons
  6 orc warriors
  A swamp drake (D:10)
  A black bear (D:8)
  3 ice beasts (D:6)
  An ogre (D:6)
  A centaur (D:9)
  A phantom (D:6)
  2 bullfrogs
  3 kobold brigands
  Blork the orc (D:6)
  4 gnoll sergeants
  A scorpion (D:6)
  6 wights
  13 killer bees
  An electric eel (D:8)
  4 howler monkeys
  5 hounds
  5 orc priests
  3 gnoll boudas (D:10)
  Crazy Yiuf (D:5)
  A jelly (D:6)
  3 iguanas (D:6)
  Natasha (D:3)
  12 orc wizards
  25 gnolls
  4 adders
  A shadow imp (D:7)
  A white imp (D:5)
  2 worms (D:2)
  3 dart slugs
  45 orcs
  8 ball pythons
  3 endoplasms
  4 goblins
  8 hobgoblins
  2 jackals (D:10)
  3 quokkas
  4 bats
  2 frilled lizards (D:2)
  15 kobolds
  3 rats (D:1)
276 creatures vanquished.

Vanquished Creatures (collateral kills)
  An orc warrior (D:6)
  2 wights (D:10)
  A hound (D:10)
  2 orc priests (D:6)
  4 gnolls
  5 orcs
  A jackal (D:10)
16 creatures vanquished.

Vanquished Creatures (others)
  A yak (D:9)
  A black bear (D:6)
  A scorpion (D:6)
  A gnoll (D:5)
  An orc (D:10)
5 creatures vanquished.

Grand Total: 297 creatures vanquished

Notes
Turn   | Place    | Note
-------+----------+-------------------------------------------
     0 | D:1      | miscthings the Meteoran Artificer began the quest for the
                  | Orb.
     0 | D:1      | Reached XP level 1. HP: 16/16 MP: 2/2
    82 | D:1      | Reached XP level 2. HP: 16/23 MP: 3/3
   304 | D:1      | Reached XP level 3. HP: 28/28 MP: 4/4
   668 | D:3      | Reached skill level 1 in Short Blades
   703 | D:3      | Reached XP level 4. HP: 7/35 MP: 5/5
   704 | D:3      | Reached skill level 2 in Short Blades
   740 | D:3      | Found a radiant altar of Vehumet.
   885 | D:2      | Reached skill level 3 in Short Blades
   885 | D:2      | Reached XP level 5. HP: 40/40 MP: 6/6
  1079 | D:1      | Found a faded altar of an unknown god.
  1301 | D:3      | Noticed Natasha
  1307 | D:3      | Killed Natasha
  1504 | D:4      | Found an ancient bone altar of Kikubaaqudgha.
  1511 | D:4      | Found a snail-covered altar of Cheibriados.
  1617 | D:4      | Found a white marble altar of Elyvilon.
  1672 | D:5      | Entered Level 5 of the Dungeon
  1706 | D:5      | Reached skill level 4 in Short Blades
  1748 | D:5      | Reached XP level 6. HP: 46/47 MP: 7/7
  1816 | D:5      | Identified the +0 pair of gloves of Miracles {rPois rN+}
  1882 | D:5      | Found a runed translucent door.
  1883 | D:5      | Noticed Crazy Yiuf
  1893 | D:5      | Killed Crazy Yiuf
  1951 | D:5      | Reached skill level 5 in Short Blades
  2103 | D:5      | Reached XP level 7. HP: 52/52 MP: 8/8
  2116 | D:6      | Reached skill level 6 in Short Blades
  2139 | D:6      | Reached skill level 7 in Short Blades
  2185 | D:6      | Found a glowing golden altar of the Shining One.
  2196 | D:6      | Became a worshipper of the Shining One
  2206 | D:6      | Noticed Blork the orc
  2216 | D:6      | Killed Blork the orc
  2327 | D:6      | Found Viwionuv's Distillery.
  2346 | D:6      | Reached XP level 8. HP: 59/59 MP: 9/9
  2362 | D:6      | Reached skill level 8 in Short Blades
  2390 | D:6      | Reached skill level 9 in Short Blades
  2496 | D:6      | Found a shimmering altar of Xom.
  2532 | D:6      | Reached skill level 10 in Short Blades
  2532 | D:6      | Gained mutation: You passively map the area around you.
                  | [Meteoran growth]
  2532 | D:6      | Reached XP level 9. HP: 37/64 MP: 10/10
  2788 | D:7      | Reached * piety under the Shining One
  2791 | D:7      | Reached skill level 11 in Short Blades
  3290 | D:7      | Found a staircase to the Ecumenical Temple.
  3363 | D:8      | Found a flagged portal.
  3399 | D:8      | Reached skill level 1 in Axes
  3399 | D:8      | Reached skill level 1 in Invocations
  3427 | Bailey   | Entered a bailey
  3756 | Bailey   | Noticed an orc knight
  3813 | Bailey   | Killed an orc knight
  3814 | Bailey   | Reached skill level 5 in Evocations
  3814 | Bailey   | Reached XP level 10. HP: 17/74 MP: 9/12
  3948 | D:8      | Noticed Psyche
  3966 | D:8      | Killed Psyche
  3980 | D:8      | Found a sparkling altar of Nemelex Xobeh.
  4026 | D:8      | Noticed Joseph
  4043 | D:8      | Killed Joseph
  4049 | D:8      | Found a shadowy altar of Dithmenos.
  4110 | D:8      | Found a burning altar of Makhleb.
  4206 | D:8      | Noticed Prince Ribbit
  4223 | D:8      | Killed Prince Ribbit
  4227 | D:8      | Found a hide-covered altar of Uskayaw.
  4401 | D:9      | Reached skill level 5 in Armour
  4438 | D:9      | Paralysed by a hornet for 1 turns
  4494 | D:9      | Reached XP level 11. HP: 89/89 MP: 14/17
  4495 | D:9      | Reached XP level 12. HP: 100/100 MP: 14/19
  4496 | D:9      | Gained mutation: You occasionally shout uncontrollably at
                  | your foes. [potion of mutation]
  4496 | D:9      | Gained mutation: You have a pair of small horns on your
                  | head. [potion of mutation]
  4688 | D:9      | Reached XP level 13. HP: 105/105 MP: 20/20
  4754 | D:9      | Found a staircase to the Lair.
  5088 | D:9      | Found a bloodstained altar of Trog.
  5089 | D:9      | Found an iron altar of Okawaru.
  5113 | D:10     | Entered Level 10 of the Dungeon
  5218 | D:10     | Reached ** piety under the Shining One
  5236 | D:10     | Noticed Erolcha
  5253 | D:10     | Killed Erolcha
  5704 | D:10     | Reached skill level 10 in Evocations
  5735 | D:10     | Found a staircase to the Orcish Mines.
  5941 | D:10     | You are sucked into a shaft and drop 3 floors!
  6019 | D:13     | Noticed a centaur warrior
  6033 | D:13     | Killed a centaur warrior
  6092 | D:13     | Reached skill level 10 in Invocations
  6230 | D:12     | Reached skill level 10 in Armour
  6290 | D:11     | Noticed a seven-headed hydra
  6301 | D:11     | Killed a seven-headed hydra
  6338 | D:11     | Found Remurr's Book Shoppe.
  6338 | D:11     | Noticed an eight-headed hydra
  6340 | D:11     | Noticed Harold
  6358 | D:11     | Killed Harold
  6564 | D:11     | Noticed a two-headed ogre
  6580 | D:11     | Killed a two-headed ogre
  6701 | D:11     | Reached XP level 14. HP: 108/116 MP: 22/22
  7016 | D:12     | Reached *** piety under the Shining One
  7334 | Lair:1   | Entered Level 1 of the Lair of Beasts
  7358 | Lair:1   | Reached skill level 10 in Dodging
  7369 | Lair:1   | Slain by a komodo dragon

Illustrated notes

Levels and vault maps discovered:
D:1:      wander_arrival_abandoned_jail, layout_basic,
          ebering_ecumenical_altar_box
D:2:      layout_loops_ring
D:3:      layout_basic, fiery_altar_vehumet, uniq_natasha
D:4:      nicolae_BIG_FREAKIN_CUBE, layout_basic, elyvilon_altar_3,
          mainiacjoe_overflow_large_starburst, minivault_24
D:5:      layout_loops_ring, dk_noncrumbling_3, uniq_crazy_yiuf_cottage
D:6:      layout_rooms, old_standard_altar, xom_confusion_cloud, serial_shops,
          shop, uniq_blork_the_orc
D:7:      layout_loops_corners, temple_hall
D:8:      layout_loops_ring, mainiacjoe_overflow_catch_the_wave,
          makhleb_blood_cavern_becter, nemelex_spade_bored_becter,
          enter_bailey_2, uniq_prince_ribbit1, uniq_psyche, uniq_joseph
D:9:      layout_irregular_city, grunt_temple_overflow_bloody_war,
          lair_entry_dummy, kennysheep_generic_room_9
D:10:     minmay_general_purpose_star, layout_cross,
          nicolae_qazlal_general_emergency, erik_orc_1, serial_gnoll_camp,
          gnoll_camp_mini_hut, gnoll_camp_huts_basic, gnoll_camp_mini_hut,
          gnoll_camp_mini_hut, gnoll_camp_medium_01,
          eino_small_chamber_without_monster, uniq_erolcha
D:11:     layout_roguey, serial_shops, nicolae_take_the_stairs, uniq_harold
D:12:     layout_small_grid, uniq_rupert
D:13:     layout_irregular_city, nrook_pool_corridor, kennysheep_orc_sif_temple
Lair:1:   layout_chaotic_city, chequers_serial_rivers_small_3

Skill      XL: |  1  2  3  4  5  6  7  8  9 10 11 12 13 14 |
---------------+-------------------------------------------+-----
Evocations     | 4 5 8 9 10 | 10.9
Short Blades   | 1 3 4 5 7 10 11 | 11.7
Axes           | 2 6 7 9 |  9.7
Armour         | 3 7 8 10 | 10.6
Invocations    | 2 7 8 10 | 10.7
Dodging        | 2 6 8 9 10 | 10.0
Fighting       | 2 6 7 8 9 |  9.1
Maces & Flails | |  0.9
Stealth        | |  0.6

Action                   |  1- 3 |  4- 6 |  7- 9 | 10-12 | 13-15 || total
-------------------------+-------+-------+-------+-------+-------++-------
Melee: Club              |    79 |       |       |       |       ||    79
       Dagger            |    19 |   134 |   277 |   162 |   623 ||  1215
       Punch             |       |       |     3 |     2 |    10 ||    15
       Headbutt          |       |       |       |     9 |   241 ||   250
       Hand axe          |       |       |       |       |    27 ||    27
Throw: Dart              |       |       |       |     3 |     6 ||     9
Invok: Divine Shield     |       |       |     1 |     1 |     1 ||     3
Evoke: Wand              |       |     4 |     7 |     5 |    12 ||    28
       Lightning rod     |       |       |       |     2 |     3 ||     5
       Phial of floods   |       |       |       |       |     1 ||     1
  Use: Scroll            |       |     5 |     1 |     2 |     9 ||    17
       Potion            |       |       |     3 |     5 |       ||     8
Armor: Leather armour    |    34 |    31 |       |       |       ||    65
       Ring mail         |       |     5 |    57 |       |       ||    62
       Chain mail        |       |    10 |    24 |       |       ||    34
       Scale mail        |       |       |     7 |    49 |   258 ||   314
Dodge: Dodged            |    56 |    48 |    68 |    30 |   305 ||   507
Block: Other             |       |       |     2 |     5 |     1 ||     8

Table legend: (Time is in decaauts)
 A = Elapsed time spent in this place.
 B = Non-inter-level travel time spent in this place.
 C = Inter-level travel time spent in this place.
 D = Time resting spent in this place.
 E = Time spent auto-exploring this place.
 F = Levels seen in this place.
 G = Mean time per level.
                   A        B        C        D        E       F      G
               +--------+--------+--------+--------+--------+-----+--------+
         Total |   6816 |   6519 |    297 |    106 |   2725 |  15 |  454.4 |
       Dungeon |   6371 |   6074 |    297 |      6 |   2677 |  13 |  490.1 |
          Lair |     23 |     23 |      0 |      0 |      0 |   1 |   23.0 |
        Bailey |    421 |    421 |      0 |    100 |     48 |   1 |  421.0 |
               +--------+--------+--------+--------+--------+-----+--------+

Top non-repeatable levels by time:
    D:10: 742 daAuts
     D:7: 715 daAuts
     D:9: 705 daAuts
     D:2: 526 daAuts
    D:11: 512 daAuts
     D:8: 509 daAuts
     D:1: 484 daAuts
    D:12: 446 daAuts
     D:5: 427 daAuts
  Bailey: 421 daAuts
     D:6: 419 daAuts
     D:4: 339 daAuts
     D:3: 327 daAuts
    D:13: 214 daAuts
  Lair:1: 23 daAuts
